Map: Ultralove

Players

artemius - Winner!

  • Race: Zerg Zerg
  • League: Gold
  • Spawn Location: 7:00

ManlyManMeat

  • Race: Terran Terran
  • Spawn Location: 1:00

VOD

Have the link to the VOD?

Description

Time

  • Played on: May 17, 2025, 8:31 a.m.
  • Length: 9:37
Show
View Real Time Build Order
Export as new Build Order

artemius Zerg - Winner!

Build Orders: Hatch First 

Get SALT Encoding   

  12  0:25  Hatchery  
  11  0:45  Spawning Pool  
  11  0:47  Drone  
  11  1:00  Drone x2  
  13  1:05  Drone  
  14  1:12  Overlord  
  14  1:17  Extractor  
  13  1:24  Drone  
  14  1:45  Queen x2  
  18  2:03  Drone x3  
  18  2:04  Drone  
  22  2:12  Zergling x2  
  23  2:26  Queen  
  25  2:47  Drone x3  
  25  2:48  Overlord  
  28  3:10  Lair  
  28  3:19  Drone  
  30  3:20  Drone x3  
  30  3:21  Drone  
  33  3:27  Hatchery  
  31  3:35  Drone x4  
  31  3:36  Drone  
  36  3:55  Metabolic Boost  
  36  4:00  Extractor  
  36  4:01  Overlord x2  
  35  4:18  Queen  
  35  4:24  Hydralisk Den, Drone x3  
  37  4:28  Drone x3, Extractor  
  37  4:29  Drone x3  
  37  4:30  Drone x2  
  46  4:43  Queen  
  48  4:53  Hydralisk x2  
  52  5:00  Extractor  
  51  5:07  Drone x5  
  51  5:08  Hydralisk  
  51  5:09  Overlord x2  
  58  5:27  Queen, Drone  
  58  5:28  Drone x5  
  66  5:30  Extractor  
  66  5:33  Pneumatized Carapace  
  66  5:34  Hydralisk x2  
  69  5:40  Muscular Augments  
  69  5:43  Drone x3  
  69  5:49  Drone x2  
  74  5:52  Overlord x2  
  74  6:09  Overlord x2  
  74  6:12  Zergling x2  
  75  6:22  Hydralisk x3, Zergling x8  
  75  6:23  Hydralisk x2  
  89  6:26  Overlord x3  
  89  6:36  Drone x2  
  89  6:37  Drone x2  
  93  6:44  Evolution Chamber x2  
  93  6:46  Hydralisk x3  
  97  7:01  Drone x2  
  97  7:02  Drone  
  97  7:15  Zergling x10  
  99  7:16  Hydralisk x6, Zergling x2  
  99  7:21  Zerg Missile Weapons Level 1, Zerg Melee Weapons Level 1  
  113  7:26  Extractor  
  113  7:28  Grooved Spines  
  112  7:37  Zergling x10  
  112  7:38  Zergling x2  
  118  7:45  Lurker Den  
  113  7:53  Nydus Network  
  113  7:57  Hydralisk x4  
  113  7:58  Hydralisk  
  108  7:59  Zergling x8  
  112  8:08  Zergling x6  
  101  8:21  Hydralisk x5  
  101  8:22  Hydralisk x2  
  95  8:36  Evolution Chamber  
  93  8:46  Hydralisk x6  
  93  8:47  Hydralisk  
  105  8:54  Zergling x2  
  102  9:05  Hatchery  
  100  9:13  Nydus Canal  
Show
View Real Time Build Order
Export as new Build Order

ManlyManMeat Terran 

Build Orders:  

Get SALT Encoding   

  12  0:00  SCV  
  13  0:12  SCV  
  14  0:19  Supply Depot  
  14  0:24  SCV  
  15  0:41  SCV  
  16  0:42  Barracks  
  16  0:47  Refinery  
  16  0:50  Refinery  
  16  0:56  SCV  
  17  1:08  SCV  
  18  1:20  SCV  
  19  1:30  Supply Depot  
  19  1:32  SCV  
  21  1:42  Supply Depot  
  20  1:47  Reaper  
  20  1:48  Orbital Command  
  21  2:08  Factory  
  21  2:20  Barracks Reactor  
  21  2:25  SCV  
  22  2:37  SCV  
  23  2:47  Command Center  
  23  2:56  SCV  
  24  2:59  Factory Tech Lab  
  24  3:01  Starport  
  24  3:05  Marine x2  
  24  3:08  SCV  
  26  3:40  Siege Tank  
  29  3:43  Starport Reactor  
  29  3:49  Barracks  
  29  3:51  Supply Depot  
  29  3:56  Barracks  
  29  3:59  Engineering Bay  
  29  4:14  Marine x2  
  31  4:22  Siege Tank  
  34  4:37  Marine x2  
  36  4:39  Medivac  
  36  4:40  Medivac  
  40  4:49  Barracks Reactor, Barracks Tech Lab  
  40  5:01  SCV  
  40  5:03  SCV  
  42  5:14  SCV  
  43  5:15  SCV  
  44  5:26  SCV  
  45  5:32  Marine x2  
  45  5:33  Marine x2  
  49  5:36  Stimpack  
  49  5:40  Siege Tank  
  52  5:44  Medivac  
  52  5:47  SCV x2  
  56  5:59  SCV  
  54  6:20  Marine  
  54  6:21  Marine x2  
  54  6:23  Marine  
  53  6:36  SCV x2  
  53  6:39  Refinery  
  55  6:40  Refinery  
  55  6:43  Barracks  
  55  6:45  Barracks  
  55  6:47  Barracks  
  55  6:48  SCV  
  55  6:50  SCV  
  57  6:59  Marine x3  
  57  7:00  SCV  
  61  7:11  Supply Depot  
  61  7:12  Supply Depot  
  57  7:16  Combat Shield  
  57  7:22  Medivac  
  57  7:23  Medivac  
  57  7:28  SCV  
  62  7:33  SCV  
  62  7:36  Supply Depot, Marine x4  
  67  7:37  Supply Depot  
  67  7:41  SCV  
  68  7:45  SCV  
  68  7:57  Marine x3  
  68  7:58  Marine x5  
  74  8:00  Medivac x2, Siege Tank  
  83  8:09  SCV  
  73  8:24  Marine  
  73  8:25  Marine x6  
  66  8:45  Siege Tank  
  58  8:55  SCV  
  58  8:56  SCV  
  58  9:02  Marine x5  
  59  9:03  Marine x3  
  59  9:07  SCV  
  59  9:08  SCV  
Tags
 
League
Gold
Matchup
TvZ
Spawn Locations
Cross Positions
Add a new tag
Caveats
  • Supply blocks, unpowered buildings, or Contaminate may cause inaccurate times.
  • Supply counts are checked every 10 seconds.